[Event "2nd Irena Warakomska Memorial-A"]
[Site "Suwalki"]
[Date "2018.08.03"]
[Round "3"]
[White "Jankowiak, Tomasz"]
[Black "Sliwicka, Alicja"]
[Result "1/2-1/2"]
[ECO "C05"]
[WhiteElo "2117"]
[BlackElo "2293"]
[Annotator "NA"]
[PlyCount "139"]
[EventDate "2018.08.01"]
[EventType "swiss"]
[EventCountry "POL"]
[SourceTitle "playchess.com"]
[Source "ChessBase"]
[SourceQuality "1"]
[TimeControl "40/5400+30:1800+30"]

1. e4 e6 2. d4 d5 3. Nd2 Nf6 4. e5 Nfd7 5. f4 c5 6. c3 Nc6 7. Ndf3 Be7 8. g3 {[%emt 0:01:55] C05: French Tarrasch: 3...Nf6 4 e5 Nfd7, 5 f4 and 5 Bd3 sidelines} (8. Bd3 cxd4 9. cxd4 Qb6 10. Ne2 f6 11. a3 O-O 12. Qc2 h6 13. Nh4 fxe5 14. Bh7+ Kh8 15. Ng6+ Kxh7 16. Nxf8+ Kg8 17. Nxe6 exd4 {1-0 (27) Bilguun,S (2443)-Tomczak,J (2598) Suwalki 2017}) 8... b6 9. Bd3 f5 10. Ne2 O-O $146 ({Predecessor:} 10... Bb7 11. Be3 Rc8 12. Kf2 Qc7 13. Kg2 Qb8 14. h3 Nf8 15. g4 g6 16. Qg1 a6 {1-0 (31) Ignat,I (1557)-Williams,P (1867) Herceg Novi 2008}) 11. Be3 a5 12. Rc1 c4 13. Bc2 b5 14. h3 Nb6 15. g4 b4 16. Ra1 a4 17. a3 bxa3 18. bxa3 Na5 19. Ra2 Nb3 20. Ng3 Ra6 21. Ke2 Na8 22. Qb1 Qd7 23. Qe1 Nc7 24. Nd2 Nb5 25. Nb1 Qd8 26. Qg1 Qa5 27. Qe1 Bd7 28. Kf3 Rf7 29. Kg2 Qd8 30. Ne2 Qf8 31. Bc1 Be8 32. Bb2 Kh8 33. g5 Bd8 34. h4 h5 35. Qf2 g6 36. Rd1 Rb7 37. Qe3 Rab6 38. Kf1 Na7 39. Bc1 Na5 40. Ra1 Be7 41. Ke1 Bd7 42. Kf1 Qb8 43. Nd2 Nb3 44. Ra2 Nc6 45. Ke1 Nca5 46. Nb1 Nxc1 47. Qxc1 Rb2 48. Ra1 Qf8 49. Kf2 Bc6 50. Ke1 Rxb1 51. Rxb1 Bxa3 52. Qe3 Nb3 53. Kf2 Qb8 54. Kf1 Be7 55. Nc1 Nxc1 56. Rdxc1 a3 57. Rxb7 Qxb7 58. Rb1 Qa7 59. Qc1 Ba4 60. Bxa4 Qxa4 61. Qd1 Qa5 $11 62. Qc2 Kg7 63. Ke2 Kf7 64. Kd2 Qa6 65. Qa2 Qa7 66. Rb5 Qa6 67. Rb8 Qa7 68. Rb1 Qa6 69. Ra1 Qa4 70. Rb1 1/2-1/2

[Event "2nd Irena Warakomska Memorial-A"]
[Site "Suwalki"]
[Date "2018.08.03"]
[Round "3"]
[White "Tarun, V Kanth"]
[Black "Socko, Monika"]
[Result "0-1"]
[ECO "E20"]
[WhiteElo "2102"]
[BlackElo "2466"]
[Annotator "ChessBase"]
[PlyCount "94"]
[EventDate "2018.08.01"]
[EventType "swiss"]
[EventCountry "POL"]
[SourceTitle "playchess.com"]
[Source "ChessBase"]
[SourceQuality "1"]
[TimeControl "40/5400+30:1800+30"]

1. d4 Nf6 2. c4 e6 3. Nc3 Bb4 4. f3 c5 5. d5 O-O 6. e4 d6 7. Bg5 h6 8. Bh4 exd5 9. cxd5 Re8 10. Bb5 Bd7 11. Bxd7 Nbxd7 12. Nge2 b5 13. O-O a6 14. Qc1 c4 15. Ng3 Nf8 16. Nh5 N8h7 17. Kh1 Bc5 18. f4 b4 19. Ne2 Rxe4 20. Neg3 Rd4 21. Nf5 Rxd5 22. Nfxg7 Bd4 23. Qxc4 Qc8 24. Qe2 Qg4 25. Qxg4 Nxg4 26. Rfd1 Ne3 27. Rxd4 Rxd4 28. Bf2 Rd1+ 29. Rxd1 Nxd1 30. Bd4 Rc8 31. Nf5 Rc1 32. Nxh6+ Kf8 33. Kg1 Nxb2+ 34. Kf2 Nd3+ 35. Ke3 Ne1 36. Bg7+ Ke8 37. Kd2 Rb1 38. g4 Nf3+ 39. Kc2 Rh1 40. Nf5 Kd7 41. Nh6 a5 42. Nxf7 a4 43. Ng3 Rxh2+ 44. Kb1 Nd2+ 45. Kc1 b3 46. axb3 Nxb3+ 47. Kb1 a3 0-1

[Event "2nd Irena Warakomska Memorial-A"]
[Site "Suwalki"]
[Date "2018.08.03"]
[Round "3"]
[White "Wacior, Maciej"]
[Black "Chylewski, Patryk"]
[Result "1/2-1/2"]
[ECO "D02"]
[WhiteElo "2081"]
[BlackElo "2270"]
[Annotator "NA"]
[PlyCount "67"]
[EventDate "2018.08.01"]
[EventType "swiss"]
[EventCountry "POL"]
[SourceTitle "playchess.com"]
[Source "ChessBase"]
[SourceQuality "1"]
[TimeControl "40/5400+30:1800+30"]

1. d4 Nf6 2. Bf4 d5 3. Nf3 e6 4. e3 c5 5. Bd3 Nc6 6. c3 Nh5 7. O-O Nxf4 8. exf4 Bd6 9. Ne5 O-O 10. Re1 f5 11. dxc5 Bxc5 12. b4 Nxe5 13. fxe5 Be7 14. a3 a5 15. Nd2 Bd7 16. Qe2 Rc8 17. Rec1 Bg5 18. c4 dxc4 19. Rxc4 Bxd2 20. Qxd2 Bc6 21. b5 Be4 22. Rxc8 Qxc8 23. Bxe4 fxe4 24. Rc1 Qd8 25. Qd6 Qxd6 26. exd6 Rd8 27. Kf1 Rxd6 28. Rc4 Kf7 29. Rxe4 Kf6 30. Ke2 Rd5 31. a4 Ke7 32. h4 h5 33. Rc4 Kd6 34. f4 {[%emt 0:00:57] Ke5} 1/2-1/2

[Event "2nd Irena Warakomska Memorial-A"]
[Site "Suwalki"]
[Date "2018.08.03"]
[Round "3"]
[White "Lisowski, Krzysztof"]
[Black "Bugalski, Michal"]
[Result "0-1"]
[ECO "C06"]
[WhiteElo "2072"]
[BlackElo "2263"]
[Annotator "NA"]
[PlyCount "60"]
[EventDate "2018.08.01"]
[EventType "swiss"]
[EventCountry "POL"]
[SourceTitle "playchess.com"]
[Source "ChessBase"]
[SourceQuality "1"]
[TimeControl "40/5400+30:1800+30"]

1. e4 e6 2. d4 d5 3. Nd2 Nf6 4. e5 Nfd7 5. Bd3 c5 6. c3 Nc6 7. Ne2 cxd4 8. cxd4 f6 9. exf6 Nxf6 10. O-O Bd6 11. Nf3 Qc7 12. Bg5 O-O 13. Rc1 Ng4 14. Ng3 g6 15. a3 Qb6 16. Be2 Qxb2 17. Rb1 Qxa3 18. Bd2 Bf4 19. Ng5 Qe7 20. h4 Nxf2 21. Rxf2 Bxg3 22. Rxf8+ Qxf8 23. Be3 Bxh4 24. Qd2 Qg7 25. Nf3 Bf6 26. Bh6 Bxd4+ 27. Kh1 Qe7 28. Rf1 Bd7 29. Ng5 Bf6 30. Bg4 Nd4 0-1

[Event "2nd Irena Warakomska Memorial-A"]
[Site "Suwalki"]
[Date "2018.08.03"]
[Round "3"]
[White "Fiedorek, Michal"]
[Black "Krzywda, Andrzej"]
[Result "1/2-1/2"]
[ECO "B42"]
[WhiteElo "1970"]
[BlackElo "2296"]
[Annotator "NA"]
[PlyCount "81"]
[EventDate "2018.08.01"]
[EventType "swiss"]
[EventCountry "POL"]
[SourceTitle "playchess.com"]
[Source "ChessBase"]
[SourceQuality "1"]
[TimeControl "40/5400+30:1800+30"]

1. e4 c5 2. Nf3 e6 3. d4 cxd4 4. Nxd4 a6 5. Bd3 d6 6. O-O Nf6 7. Qe2 Nbd7 8. c4 g6 9. Nc3 Bg7 10. Rd1 O-O 11. Nf3 Qc7 12. Bf4 Ne5 13. Nxe5 dxe5 14. Be3 Nd7 15. Rac1 Nb8 16. f3 Nc6 17. Qf2 Nd4 18. Ne2 Rd8 19. Bb1 Nc6 20. Bb6 Rxd1+ 21. Rxd1 Qe7 22. Qc5 Bf8 23. Qxe7 Bxe7 24. a3 Kf8 25. b4 Ke8 26. Nc1 a5 27. b5 Nb8 28. Nd3 Nd7 29. Be3 a4 30. c5 Ra5 31. c6 bxc6 32. bxc6 Nb8 33. Bd2 Ra6 34. Nxe5 Nxc6 35. Nc4 Bc5+ 36. Be3 Bxe3+ 37. Nxe3 Na5 38. Bc2 Bd7 39. Rd4 Nb3 40. Rb4 Nc5 41. Nc4 1/2-1/2

[Event "2nd Irena Warakomska Memorial-A"]
[Site "Suwalki"]
[Date "2018.08.03"]
[Round "4"]
[White "Ovsejevitsch, Sergei"]
[Black "Harshini, A."]
[Result "1-0"]
[ECO "D80"]
[WhiteElo "2597"]
[BlackElo "2124"]
[Annotator "ChessBase"]
[PlyCount "101"]
[EventDate "2018.08.01"]
[EventType "swiss"]
[EventCountry "POL"]
[SourceTitle "playchess.com"]
[Source "ChessBase"]
[SourceQuality "1"]
[TimeControl "40/5400+30:1800+30"]

1. d4 Nf6 2. c4 g6 3. Nc3 d5 4. e3 Bg7 5. Qb3 c6 6. Nf3 O-O 7. Be2 dxc4 8. Bxc4 Qb6 9. O-O Qxb3 10. Bxb3 Na6 11. e4 Bg4 12. Ne5 Rad8 13. Be3 Be6 14. Bxe6 fxe6 15. Rfd1 Nd7 16. Nd3 Nb6 17. e5 Nc4 18. Ne4 Nxe3 19. fxe3 Bh6 20. Re1 b6 21. b4 Nc7 22. g4 Rf3 23. g5 Bg7 24. Kg2 Rdf8 25. Nf4 Rxe3 26. Rxe3 Rxf4 27. Rf1 Nd5 28. Rxf4 Nxe3+ 29. Kf2 Nc2 30. b5 Nxd4 31. Nf6+ exf6 32. Rxd4 cxb5 33. gxf6 Bf8 34. Rd6 b4 35. Ke3 a5 36. Kd4 Kf7 37. Rxb6 a4 38. Rb7+ Kg8 39. Kc4 g5 40. Ra7 a3 41. h3 h6 42. Rb7 h5 43. Rc7 Kh8 44. Re7 g4 45. hxg4 hxg4 46. Rd7 b3 47. Kxb3 Bc5 48. Rg7 Bd4 49. Rg5 g3 50. f7 Bc5 51. Rxg3 1-0

[Event "2nd Irena Warakomska Memorial-A"]
[Site "Suwalki"]
[Date "2018.08.03"]
[Round "4"]
[White "Aleksandrov, Aleksej"]
[Black "Kosakowski, Jakub"]
[Result "1-0"]
[ECO "A45"]
[WhiteElo "2585"]
[BlackElo "2361"]
[Annotator "RC"]
[PlyCount "127"]
[EventDate "2018.08.01"]
[EventType "swiss"]
[EventCountry "POL"]
[SourceTitle "playchess.com"]
[Source "ChessBase"]
[SourceQuality "1"]
[TimeControl "40/5400+30:1800+30"]

1. d4 Nf6 2. Bg5 Ne4 3. Bf4 c5 4. f3 Nf6 5. d5 Nh5 6. Be3 e5 7. Bf2 d6 8. e4 Be7 9. Nc3 O-O 10. h4 Na6 11. Qd2 Rb8 12. Nge2 g6 13. g4 Ng7 14. Ng3 f5 15. gxf5 gxf5 16. exf5 Nxf5 17. O-O-O Kh8 18. Bd3 Rf7 19. Bxf5 Bxf5 20. Nce4 Qd7 21. Be3 Rg8 22. Bg5 Nc7 23. Nxf5 Rxf5 24. f4 Ne8 25. Kb1 Bxg5 26. fxg5 Rf4 27. Rde1 Qg4 28. Rhg1 Qf5 29. Ng3 Qf7 30. Rgf1 Rf8 31. a3 Nc7 32. Qa5 Nxd5 33. Qxa7 c4 34. Rxf4 Nxf4 35. Ne4 Qd5 36. Nf6 Qb5 37. Rd1 c3 38. b3 Qe2 39. Rc1 Qb5 40. Qe3 Qc6 41. Rd1 Ra8 42. Ne4 Rxa3 43. Rxd6 Qb5 44. Rd8+ Kg7 45. Nxc3 Qa5 46. Rd7+ Kg8 47. Kb2 Ra1 48. Na4 Qe1 49. Qxe1 Rxe1 50. Rxb7 e4 51. Nc3 e3 52. Re7 e2 53. b4 Rh1 54. Nxe2 Re1 55. Re4 Nxe2 56. b5 Rb1+ 57. Kxb1 Nc3+ 58. Kb2 Nxe4 59. b6 Nc5 60. Ka3 Kf7 61. Kb4 Nd7 62. Kb5 Ke7 63. h5 Kd8 64. g6 1-0

[Event "2nd Irena Warakomska Memorial-A"]
[Site "Suwalki"]
[Date "2018.08.03"]
[Round "4"]
[White "Stupak, Kirill"]
[Black "Grib, Roman"]
[Result "1-0"]
[ECO "E20"]
[WhiteElo "2573"]
[BlackElo "2431"]
[Annotator "RC"]
[PlyCount "93"]
[EventDate "2018.08.01"]
[EventType "swiss"]
[EventCountry "POL"]
[SourceTitle "playchess.com"]
[Source "ChessBase"]
[SourceQuality "1"]
[TimeControl "40/5400+30:1800+30"]

1. d4 Nf6 2. c4 e6 3. Nc3 Bb4 4. g3 O-O 5. Bg2 d5 6. cxd5 exd5 7. e3 c6 8. Nge2 Re8 9. O-O Nbd7 10. f3 c5 11. a3 Ba5 12. b4 cxd4 13. Nxd4 Bb6 14. f4 Nb8 15. Nb3 Bxe3+ 16. Bxe3 Rxe3 17. Nxd5 Nxd5 18. Qxd5 Nc6 19. Nc5 Rb8 20. Qxd8+ Nxd8 21. f5 g6 22. f6 b6 23. Rfe1 Rxe1+ 24. Rxe1 Ne6 25. Nd3 Ba6 26. Ne5 Rd8 27. Nc6 Rd3 28. a4 Kf8 29. Nxa7 Rd7 30. Nc6 Rd6 31. Rc1 Ke8 32. h4 Bb7 33. Ne5 Bxg2 34. Kxg2 Nd8 35. Rc8 Re6 36. Nxf7 Kxf7 37. Rxd8 Re2+ 38. Kf3 Ra2 39. Rd6 Rxa4 40. Rxb6 Ra3+ 41. Kf4 h5 42. b5 Rb3 43. Ke5 Re3+ 44. Kd6 Rxg3 45. Rc6 g5 46. hxg5 Rxg5 47. b6 1-0

[Event "2nd Irena Warakomska Memorial-A"]
[Site "Suwalki"]
[Date "2018.08.03"]
[Round "4"]
[White "Bernadskiy, Vitaliy"]
[Black "Rahul, Srivatshav P"]
[Result "1-0"]
[ECO "E70"]
[WhiteElo "2544"]
[BlackElo "2388"]
[Annotator "RC"]
[PlyCount "131"]
[EventDate "2018.08.01"]
[EventType "swiss"]
[EventCountry "POL"]
[SourceTitle "playchess.com"]
[Source "ChessBase"]
[SourceQuality "1"]
[TimeControl "40/5400+30:1800+30"]

1. d4 Nf6 2. c4 g6 3. Nc3 Bg7 4. e4 d6 5. Nge2 O-O 6. Ng3 e5 7. d5 a5 8. Be2 Na6 9. h4 h5 10. Bg5 Qe8 11. Qd2 Nh7 12. Be3 Bd7 13. O-O-O a4 14. Rdg1 Nc5 15. Bh6 Qe7 16. Be3 b6 17. Nf1 f5 18. exf5 gxf5 19. Ng3 f4 20. Bxc5 fxg3 21. Be3 gxf2 22. Rf1 e4 23. a3 Nf6 24. Rxf2 Ng4 25. Rxf8+ Rxf8 26. Bxg4 hxg4 27. h5 Kh7 28. Kb1 Qe5 29. Ka2 b5 30. h6 Bh8 31. cxb5 Rb8 32. Qf2 Qf5 33. Rf1 Qxf2 34. Rxf2 Kg6 35. Rf4 Bf5 36. Bd2 Be5 37. Rf1 Bd7 38. b6 Rxb6 39. Rf8 Bb5 40. Rg8+ Kh7 41. Rxg4 Bc4+ 42. Ka1 Rb8 43. Rxe4 Bb3 44. g4 Rf8 45. Re1 Rf2 46. Bc1 Kg6 47. Rh1 Rh2 48. Rxh2 Bxh2 49. Nb5 Bxd5 50. Nxc7 Bc4 51. g5 Be5 52. Bd2 Kf7 53. Bc3 Kg6 54. Bxe5 dxe5 55. Ne8 Bd3 56. Nf6 Bc2 57. Ka2 e4 58. Ng4 e3 59. Nxe3 Be4 60. Nd1 Bc2 61. Nc3 Kh7 62. Nxa4 Bxa4 63. b4 Kg6 64. Kb2 Bd7 65. Kc3 Bf5 66. b5 1-0

[Event "2nd Irena Warakomska Memorial-A"]
[Site "Suwalki"]
[Date "2018.08.03"]
[Round "4"]
[White "Nasuta, Grzegorz"]
[Black "Kowalski, Igor"]
[Result "1-0"]
[ECO "C78"]
[WhiteElo "2497"]
[BlackElo "2294"]
[Annotator "RC"]
[PlyCount "67"]
[EventDate "2018.08.01"]
[EventType "swiss"]
[EventCountry "POL"]
[SourceTitle "playchess.com"]
[Source "ChessBase"]
[SourceQuality "1"]
[TimeControl "40/5400+30:1800+30"]

1. e4 e5 2. Nf3 Nc6 3. Bb5 a6 4. Ba4 Nf6 5. O-O b5 6. Bb3 Bc5 7. a4 Rb8 8. c3 d6 9. d4 Bb6 10. a5 Ba7 11. h3 O-O 12. Be3 Ra8 13. Nbd2 Bb7 14. Re1 h6 15. Qb1 exd4 16. cxd4 Nb4 17. e5 dxe5 18. dxe5 Bxe3 19. fxe3 Nfd5 20. Ne4 Qe7 21. Rc1 Rad8 22. Nc5 Ba8 23. Qe4 Kh8 24. Kh1 g5 25. e6 f6 26. Qg6 Rfe8 27. e4 Nf4 28. Qxh6+ Qh7 29. Qxf6+ Qg7 30. Qxg7+ Kxg7 31. Nxg5 Rd2 32. Rf1 Ne2 33. Rf2 Rxb2 34. Re1 1-0

[Event "2nd Irena Warakomska Memorial-A"]
[Site "Suwalki"]
[Date "2018.08.03"]
[Round "4"]
[White "Socko, Monika"]
[Black "Sowul, Bartosz"]
[Result "1/2-1/2"]
[ECO "A57"]
[WhiteElo "2466"]
[BlackElo "2257"]
[Annotator "ChessBase"]
[PlyCount "108"]
[EventDate "2018.08.01"]
[EventType "swiss"]
[EventCountry "POL"]
[SourceTitle "playchess.com"]
[Source "ChessBase"]
[SourceQuality "1"]
[TimeControl "40/5400+30:1800+30"]

1. d4 Nf6 2. c4 c5 3. d5 b5 4. cxb5 a6 5. e3 g6 6. Nc3 Bg7 7. Nf3 O-O 8. a4 Bb7 9. bxa6 Nxa6 10. Bc4 e6 11. O-O Nb4 12. e4 exd5 13. exd5 d6 14. Re1 Ba6 15. Bxa6 Rxa6 16. Bf4 Qd7 17. Bg3 Qf5 18. Nh4 Qc8 19. Qd2 c4 20. Nf3 Qc5 21. Red1 Rb8 22. Ne1 Re8 23. Kf1 Nh5 24. Rac1 Qa5 25. Nb5 Nxg3+ 26. hxg3 Rc8 27. b3 Rc5 28. Rxc4 Rxc4 29. bxc4 Qxa4 30. Rb1 Na2 31. Qc2 Qa5 32. Nf3 h6 33. Kg1 Kh7 34. Qd3 Nc3 35. Nxc3 Qxc3 36. Qxc3 Bxc3 37. Rc1 Bb2 38. Rc2 Ra1+ 39. Kh2 Ba3 40. Nd2 h5 41. Ne4 Re1 42. f3 Kg7 43. Ra2 Bc1 44. g4 hxg4 45. Kg3 gxf3 46. gxf3 g5 47. Nxd6 Bf4+ 48. Kf2 Rc1 49. Nf5+ Kf6 50. Nh6 Rxc4 51. Ra6+ Ke5 52. d6 Ke6 53. d7+ Kxd7 54. Nxf7 Rc2+ 1/2-1/2

[Event "2nd Irena Warakomska Memorial-A"]
[Site "Suwalki"]
[Date "2018.08.03"]
[Round "4"]
[White "Gumularz, Szymon"]
[Black "Dmochowska, Agnieszka"]
[Result "1-0"]
[ECO "A45"]
[WhiteElo "2458"]
[BlackElo "2096"]
[Annotator "RC"]
[PlyCount "67"]
[EventDate "2018.08.01"]
[EventType "swiss"]
[EventCountry "POL"]
[SourceTitle "playchess.com"]
[Source "ChessBase"]
[SourceQuality "1"]
[TimeControl "40/5400+30:1800+30"]

1. d4 Nf6 2. Bf4 e6 3. e3 Be7 4. h3 d5 5. Nf3 b6 6. Bd3 Bb7 7. Nbd2 Nbd7 8. c3 c5 9. O-O O-O 10. a4 a6 11. Qe2 Ne4 12. Rfd1 c4 13. Bc2 b5 14. Nxe4 dxe4 15. Nd2 Nf6 16. Bg5 Qd7 17. Bxf6 Bxf6 18. Bxe4 Rfc8 19. Qf3 Rab8 20. axb5 Qxb5 21. Rdb1 Bxe4 22. Qxe4 a5 23. b3 cxb3 24. Nxb3 Qc4 25. Nxa5 Rxb1+ 26. Rxb1 Qxc3 27. Nb3 Rd8 28. Nc5 g6 29. Qf4 Qc2 30. Rb7 Qf5 31. Qc7 Rf8 32. Nd7 Bd8 33. Qc6 Bh4 34. g3 1-0

[Event "2nd Irena Warakomska Memorial-A"]
[Site "Suwalki"]
[Date "2018.08.03"]
[Round "4"]
[White "Tihonov, Jurij"]
[Black "Lewtak, Dominik"]
[Result "1-0"]
[ECO "A05"]
[WhiteElo "2385"]
[BlackElo "2177"]
[Annotator "NA"]
[PlyCount "83"]
[EventDate "2018.08.01"]
[EventType "swiss"]
[EventCountry "POL"]
[SourceTitle "playchess.com"]
[Source "ChessBase"]
[SourceQuality "1"]
[TimeControl "40/5400+30:1800+30"]

1. Nf3 Nf6 2. c4 e6 3. Nc3 d5 4. e3 Nbd7 5. b3 c6 6. Bb2 Be7 7. g4 h6 8. Rg1 e5 9. cxd5 cxd5 10. h4 e4 11. g5 exf3 12. gxf6 Bxf6 13. Qxf3 Ne5 14. Bb5+ Kf8 15. Qf4 g5 16. hxg5 hxg5 17. Ba3+ Kg7 18. O-O-O Ng6 19. Qf3 Be6 20. Bb2 Rc8 21. Kb1 a6 22. Bf1 g4 23. Rxg4 Bxg4 24. Qxg4 b5 25. Bd3 Rh4 26. Qf5 b4 27. Nxd5 Bxb2 28. Kxb2 Rc5 29. Bc4 Rhxc4 30. bxc4 Rxc4 31. Rg1 Rc5 32. e4 Qa5 33. Qf6+ Kf8 34. Qd6+ Kg7 35. Kb1 b3 36. axb3 Qb5 37. Qf6+ Kf8 38. Qd6+ Kg7 39. Kb2 a5 40. Qf6+ Kf8 41. Rxg6 a4 42. Qe7# 1-0

[Event "2nd Irena Warakomska Memorial-A"]
[Site "Suwalki"]
[Date "2018.08.03"]
[Round "4"]
[White "Lewtak, Damian"]
[Black "Czarnota, Pawel"]
[Result "1/2-1/2"]
[ECO "B51"]
[WhiteElo "2369"]
[BlackElo "2548"]
[Annotator "RC"]
[PlyCount "98"]
[EventDate "2018.08.01"]
[EventType "swiss"]
[EventCountry "POL"]
[SourceTitle "playchess.com"]
[Source "ChessBase"]
[SourceQuality "1"]
[TimeControl "40/5400+30:1800+30"]

1. e4 c5 2. Nf3 d6 3. Bb5+ Nd7 4. O-O a6 5. Bxd7+ Bxd7 6. c3 Nf6 7. Re1 e6 8. d4 cxd4 9. cxd4 d5 10. e5 Ne4 11. Nbd2 Nxd2 12. Bxd2 Be7 13. Qb3 Bc6 14. Bb4 Qb6 15. Bxe7 Qxb3 16. axb3 Kxe7 17. Rec1 Rhc8 18. Kf1 h6 19. Ke1 Bb5 20. Kd2 Kd7 21. Rxc8 Rxc8 22. Rc1 Rxc1 23. Kxc1 Bf1 24. Ne1 f5 25. exf6 gxf6 26. f4 e5 27. fxe5 fxe5 28. Kd2 exd4 29. g4 Kd6 30. h4 Bh3 31. g5 hxg5 32. hxg5 Bf5 33. b4 Be4 34. Nd3 b6 35. Ne1 Ke5 36. Nc2 Bg6 37. Na1 Ke4 38. Nb3 d3 39. Nc1 Kd4 40. b3 Be4 41. Na2 Ke5 42. Nc1 Kd4 43. Na2 Bf5 44. Nc1 a5 45. Na2 Bg6 46. bxa5 bxa5 47. b4 a4 48. Nc3 a3 49. Nb5+ Ke5 1/2-1/2

[Event "2nd Irena Warakomska Memorial-A"]
[Site "Suwalki"]
[Date "2018.08.03"]
[Round "4"]
[White "Punin, Andrii"]
[Black "Kokoszczynski, Jan"]
[Result "1/2-1/2"]
[ECO "A35"]
[WhiteElo "2339"]
[BlackElo "2187"]
[Annotator "NA"]
[PlyCount "61"]
[EventDate "2018.08.01"]
[EventType "swiss"]
[EventCountry "POL"]
[SourceTitle "playchess.com"]
[Source "ChessBase"]
[SourceQuality "1"]
[TimeControl "40/5400+30:1800+30"]

1. Nf3 Nf6 2. c4 c5 3. Nc3 Nc6 4. e3 e6 5. a3 d5 6. d4 cxd4 7. exd4 Be7 8. c5 a5 9. Bf4 O-O 10. Bb5 Bd7 11. O-O Ne4 12. h3 b6 13. Qd3 bxc5 14. Nxe4 dxe4 15. Qxe4 Nxd4 16. Nxd4 cxd4 17. Bd3 g6 18. Be5 Bf6 19. Qxd4 Bxe5 20. Qxe5 Qb8 21. Qf6 Bb5 22. Rad1 Rd8 23. Bxb5 Rxd1 24. Rxd1 Qxb5 25. Rd8+ Rxd8 26. Qxd8+ Kg7 27. Qd4+ e5 28. a4 Qe2 29. Qc3 Qd1+ 30. Kh2 Qxa4 31. Qxe5+ 1/2-1/2

[Event "2nd Irena Warakomska Memorial-A"]
[Site "Suwalki"]
[Date "2018.08.03"]
[Round "4"]
[White "Grebeniuk, Semen"]
[Black "Vetoshko, Volodymyr"]
[Result "0-1"]
[ECO "A08"]
[WhiteElo "2306"]
[BlackElo "2525"]
[Annotator "RC"]
[PlyCount "88"]
[EventDate "2018.08.01"]
[EventType "swiss"]
[EventCountry "POL"]
[SourceTitle "playchess.com"]
[Source "ChessBase"]
[SourceQuality "1"]
[TimeControl "40/5400+30:1800+30"]

1. Nf3 Nf6 2. g3 d5 3. Bg2 e6 4. O-O Be7 5. d3 c5 6. Nbd2 Nc6 7. e4 O-O 8. Re1 b5 9. e5 Nd7 10. Nf1 a5 11. h4 b4 12. Bf4 Ba6 13. Ne3 Rc8 14. c4 bxc3 15. bxc3 d4 16. Nc4 dxc3 17. Rc1 Nb6 18. Nxb6 Qxb6 19. Rxc3 Nb4 20. a3 Nd5 21. Rb3 Qc7 22. Bg5 c4 23. Bxe7 Qxe7 24. dxc4 Bxc4 25. Rb2 Qxa3 26. Qa1 Qc5 27. Nd2 Nb4 28. Nxc4 Qxc4 29. Bf1 Qc5 30. Qa4 Rfd8 31. Rb3 Rd5 32. Re4 Rxe5 33. Rc4 Qf8 34. Rxc8 Qxc8 35. Rc3 Rc5 36. Rxc5 Qxc5 37. Qe8+ Qf8 38. Qb5 Qd8 39. Qb7 h5 40. Bc4 g6 41. Qe4 Qd1+ 42. Kg2 Qd6 43. Qa8+ Kg7 44. Kg1 Qc6 0-1

[Event "2nd Irena Warakomska Memorial-A"]
[Site "Suwalki"]
[Date "2018.08.03"]
[Round "4"]
[White "Krzywda, Andrzej"]
[Black "Praczukowski, Stanislaw"]
[Result "1-0"]
[ECO "C18"]
[WhiteElo "2296"]
[BlackElo "2136"]
[Annotator "NA"]
[PlyCount "41"]
[EventDate "2018.08.01"]
[EventType "swiss"]
[EventCountry "POL"]
[SourceTitle "playchess.com"]
[Source "ChessBase"]
[SourceQuality "1"]
[TimeControl "40/5400+30:1800+30"]

1. e4 e6 2. d4 d5 3. Nc3 Bb4 4. e5 Ne7 5. a3 Bxc3+ 6. bxc3 c5 7. Qg4 Kf8 8. h4 Qc7 9. Bd3 cxd4 10. Ne2 dxc3 11. f4 b6 12. Rh3 h5 13. Qg5 Ba6 14. Rg3 g6 15. Qf6 Kg8 16. f5 Bxd3 17. fxe6 Nf5 18. exf7+ Qxf7 19. Rxg6+ Ng7 20. Qd8+ Kh7 21. Rh6# 1-0

[Event "2nd Irena Warakomska Memorial-A"]
[Site "Suwalki"]
[Date "2018.08.03"]
[Round "4"]
[White "Sliwicka, Alicja"]
[Black "Kuchava, Ana"]
[Result "1-0"]
[ECO "B54"]
[WhiteElo "2293"]
[BlackElo "2124"]
[Annotator "NA"]
[PlyCount "91"]
[EventDate "2018.08.01"]
[EventType "swiss"]
[EventCountry "POL"]
[SourceTitle "playchess.com"]
[Source "ChessBase"]
[SourceQuality "1"]
[TimeControl "40/5400+30:1800+30"]

1. e4 c5 2. Nf3 d6 3. d4 cxd4 4. Nxd4 Nf6 5. f3 g6 6. c4 Qb6 7. Nc3 Nc6 8. Nc2 Bg7 9. Rb1 Ng4 10. Qd2 Bh6 11. f4 e5 12. Nd5 Qd8 13. Be2 O-O 14. O-O exf4 15. Bxg4 Bxg4 16. Nxf4 Re8 17. Qf2 Bg7 18. Nd5 Be6 19. Bf4 Ne5 20. Bxe5 Bxe5 21. Nce3 Rc8 22. b3 Rf8 23. Nf6+ Kg7 24. Neg4 Bxg4 25. Nxg4 Qa5 26. Rbd1 Qc5 27. Nxe5 Qxe5 28. Qxa7 Ra8 29. Qf2 f5 30. exf5 Rxf5 31. Qd2 Qc5+ 32. Kh1 Raf8 33. Rxf5 Rxf5 34. h3 Qe5 35. Qe1 Qf6 36. Qg3 Rf4 37. Kh2 h5 38. Rd5 Kh6 39. Qe3 h4 40. Rd2 Kg7 41. Re2 Kh6 42. a4 g5 43. Qe6 Kg7 44. Qe8 Qf8 45. Re7+ Kh6 46. Re6+ 1-0

[Event "2nd Irena Warakomska Memorial-A"]
[Site "Suwalki"]
[Date "2018.08.03"]
[Round "4"]
[White "Chylewski, Patryk"]
[Black "Cukrowski, Filip"]
[Result "1/2-1/2"]
[ECO "A56"]
[WhiteElo "2270"]
[BlackElo "2404"]
[Annotator "NA"]
[PlyCount "108"]
[EventDate "2018.08.01"]
[EventType "swiss"]
[EventCountry "POL"]
[SourceTitle "playchess.com"]
[Source "ChessBase"]
[SourceQuality "1"]
[TimeControl "40/5400+30:1800+30"]

1. d4 Nf6 2. c4 c5 3. Nf3 g6 4. Nc3 cxd4 5. Nxd4 Bg7 6. g3 Nc6 7. Bg2 O-O 8. O-O Nxd4 9. Qxd4 d6 10. Qd2 Be6 11. Bxb7 Rb8 12. Bd5 Nxd5 13. Nxd5 Qd7 14. e4 Rfc8 15. Qe2 Bxd5 16. cxd5 Qc7 17. Rb1 Qc2 18. Qxc2 Rxc2 19. Be3 f5 20. exf5 gxf5 21. Bxa7 Ra8 22. Be3 Bxb2 23. f4 Rxa2 24. Rf2 Rxf2 25. Bxf2 Kf7 26. Rd1 Ba3 27. Rd3 Bb4 28. Rb3 Ba5 29. Rd3 Rc2 30. Rd1 Bb4 31. Rd3 Ke8 32. h3 h5 33. Kf1 Kd7 34. Rb3 Bc5 35. Be1 Kc8 36. Rd3 Rh2 37. Bc3 h4 38. Be1 hxg3 39. Rxg3 Bd4 40. Rd3 Rh1+ 41. Kg2 Rg1+ 42. Kf3 Rf1+ 43. Kg3 Bf6 44. Bc3 Bxc3 45. Rxc3+ Kd7 46. Rd3 Ke8 47. Rd4 Kf7 48. Kg2 Rc1 49. Rd3 Kf6 50. Kf2 Rc4 51. Kf3 Re4 52. Rd1 Rb4 53. Rd3 Rc4 54. Kg3 Rb4 1/2-1/2